[Event "Team 45 45 League T56"]
[Site "Internet Chess Club"]
[Date "2013.03.25"]
[Round "5"]
[White "fledermaus"]
[Black "Freitac"]
[Result "0-1"]
[WhiteElo "1926"]
[BlackElo "1921"]
[Opening "English opening"]
[ECO "A05"]
[Time "16:56:33"]
[TimeControl "2700+45"]

1. Nf3 Nf6 2. c4 g6 3. Nc3 d5 4. cxd5 Nxd5 5. Qa4+ Nc6 6. Ne5 Qd6 7. Nxc6 Qxc6
8. Qxc6+ bxc6 9. Nxd5 cxd5 10. g3 Bg7 11. Bg2 c6 12. Rb1 Bf5 13. d3 Kd7 14. b3
h5 15. e4 Bc3+ 16. Bd2 Bxd2+ 17. Kxd2 Be6 18. h4 f5 19. exd5 Bxd5 20. Bxd5 cxd5
21. f4 Rhc8 22. Rhc1 Kd6 23. d4 Rab8 24. Rxc8 Rxc8 25. Rc1 Rxc1 26. Kxc1 Kc6 27.
Kb2 Kb5 28. Kc3 Ka5 29. a3 Kb5 30. b4 Ka4 31. Kb2 Kb5 32. Kb3 a6 33. Kc3 Ka4 34.
Kb2 Kb5 35. Kb3 Kc6 36. a4 Kb6 37. Ka3 Kc6 38. b5+ axb5 39. a5 Kb7 40. Kb4 Ka6
41. Kc5 Kxa5 42. Kxd5 b4 43. Ke6 b3 44. Kxe7 b2 45. Kf6 b1=Q 46. Kxg6 {White
resigns} 0-1

[Event "Team 45 45 League T56"]
[Site "Internet Chess Club"]
[Date "2013.03.25"]
[Round "5"]
[White "WillC"]
[Black "jonesey"]
[Result "1-0"]
[WhiteElo "1669"]
[BlackElo "1831"]
[Opening "English, 1...Nf6 (Anglo-Indian defense)"]
[ECO "A15"]
[Time "18:01:34"]
[TimeControl "2700+45"]

1. c4 Nf6 2. g3 g6 3. Bg2 Bg7 4. Nc3 d6 5. e4 O-O 6. Nge2 Nbd7 7. O-O e5 8. d3
c6 9. h3 Nc5 10. Be3 Ne8 11. d4 Nd7 12. Qd2 Nb6 13. b3 Be6 14. Rad1 Qe7 15. Bg5
f6 16. Bh6 Rd8 17. Bxg7 Qxg7 18. d5 cxd5 19. cxd5 Bd7 20. f4 f5 21. Kh2 exf4 22.
Nxf4 Rc8 23. Nce2 Qe5 24. exf5 Bxf5 25. Rc1 Nf6 26. Nd3 Qe7 27. Nd4 Bxd3 28.
Qxd3 Nbxd5 29. Rce1 Qd7 30. Ne6 Nb4 31. Nxf8 Nxd3 32. Nxd7 Nxe1 33. Nxf6+ Kg7
34. Nh5+ gxh5 35. Rxe1 Rc2 36. a4 Kf6 37. Re3 b6 38. h4 d5 39. Rd3 Rb2 40. Kh3
d4 41. Be4 h6 42. Bf3 Kg6 43. Bd5 {Black resigns} 1-0

[Event "Team 45 45 League T56"]
[Site "Internet Chess Club"]
[Date "2013.03.26"]
[Round "5"]
[White "gcl"]
[Black "Innes"]
[Result "1-0"]
[WhiteElo "1668"]
[BlackElo "1628"]
[Opening "Danish gambit"]
[ECO "C21"]
[Time "18:00:17"]
[TimeControl "2700+45"]

1. e4 e5 2. d4 exd4 3. c3 dxc3 4. Bc4 Bb4 5. Bxf7+ Kf8 6. bxc3 Qf6 7. Qc2 Bc5 8.
Bb3 Nc6 9. Nf3 Ne5 10. Nd4 Nh6 11. Be3 d6 12. Nd2 a6 13. O-O Ke7 14. Nf5+ Nxf5
15. Bxc5 dxc5 16. exf5 Bxf5 17. Ne4 Qg6 18. f3 c4 19. Qf2 Nd3 20. Qd4 Rad8 21.
Qxc4 Qb6+ 22. Kh1 Rhf8 23. Bc2 Ne5 24. Qe2 Be6 25. Ng5 Qb5 26. Qxb5 axb5 27.
Rfe1 Kd6 28. Rad1+ Bd5 29. Bb3 Nc4 30. Ne6 Kc6 31. Nxf8 Rxf8 32. Bxc4 bxc4 33.
Re5 Bg8 34. Re7 Ra8 35. Rxg7 Be6 36. Rxh7 Rxa2 37. g4 Rf2 38. Rh6 Re2 39. f4 Kc5
40. Rh5+ Kb6 41. f5 Bf7 42. Rh6+ Ka5 43. Rd7 Be8 44. Rxc7 Bc6+ 45. Rcxc6 bxc6
46. Rxc6 Kb5 47. Re6 Rc2 48. Re3 Ka4 49. f6 Rf2 50. g5 Kb3 51. Kg1 Rf5 52. h4
Kc2 53. Kg2 Rd5 54. f7 Rd2+ 55. Kf3 Rd3 56. f8=Q Kxc3 57. Rxd3+ cxd3 58. Ke3
{Black resigns} 1-0

[Event "Team 45 45 League T56"]
[Site "Internet Chess Club"]
[Date "2013.03.24"]
[Round "5"]
[White "amicusUK"]
[Black "calily"]
[Result "1/2-1/2"]
[WhiteElo "1639"]
[BlackElo "1727"]
[Opening "QGD Slav defense: exchange variation"]
[ECO "D10"]
[Time "06:00:44"]
[TimeControl "2700+45"]

1. d4 d5 2. c4 c6 3. cxd5 cxd5 4. Nc3 Nf6 5. Bg5 e6 6. e3 Be7 7. Bd3 Nc6 8. Nf3
O-O 9. a3 a6 10. Qc2 h6 11. Bh4 b5 12. Bxf6 Bxf6 13. b4 Bd7 14. O-O Rc8 15. Rfc1
Qe7 16. Qe2 Nd8 17. e4 dxe4 18. Nxe4 Nc6 19. Nxf6+ Qxf6 20. Qe4 g6 21. Ne5 Nxe5
22. dxe5 Qg5 23. f4 Qg4 24. Be2 Qh4 25. g3 Qe7 26. Qb7 Rfd8 27. Rxc8 Rxc8 28.
Rd1 Rd8 29. Qxa6 Bc8 30. Rxd8+ Qxd8 31. Qxb5 Qd4+ 32. Kf1 Bd7 33. Qd3 Qa7 34. b5
Kg7 35. b6 Qb7 36. Bf3 Bc6 37. Bxc6 Qxc6 38. Qe3 Qh1+ 39. Ke2 Qxh2+ 40. Kd3 Qb2
41. Kc4 Qa2+ 42. Kb5 Qd5+ 43. Ka6 Qa8+ 44. Kb5 Qd5+ 45. Kb4 Qc6 46. Qc3 Qe4+ 47.
Kb5 Qd5+ 48. Ka6 Qa8+ 49. Kb5 Qd5+ 50. Kb4 Qe4+ 51. Kb5 Qd5+ 52. Qc5 Qd7+ 53.
Ka6 Qa4+ 54. Kb7 Qd7+ 55. Ka6 Qa4+ 56. Kb7 Qd7+ 57. Ka6 Qa4+ {Game drawn by
repetition} 1/2-1/2

[Event "Team 45 45 League T56"]
[Site "Internet Chess Club"]
[Date "2013.03.23"]
[Round "5"]
[White "John3v16"]
[Black "cityprosecutor"]
[Result "0-1"]
[WhiteElo "1733"]
[BlackElo "1858"]
[Opening "King's Indian: fianchetto with ...Nd7"]
[ECO "E67"]
[Time "23:02:53"]
[TimeControl "2700+45"]

1. c4 Nf6 2. Nc3 g6 3. g3 Bg7 4. Bg2 O-O 5. d4 d6 6. Nf3 Nbd7 7. O-O c5 8. b3
Rb8 9. Bb2 Re8 10. Qd2 b6 11. Rad1 a6 12. d5 b5 13. cxb5 axb5 14. Rfe1 b4 15.
Na4 c4 16. bxc4 Qa5 17. Qc2 Ra8 18. Bxf6 Bxf6 19. Nb2 Qxa2 20. Ra1 Qxa1 21. Rxa1
Rxa1+ 22. Nd1 Nc5 23. Bf1 b3 24. Qd2 Bh3 25. Nd4 Bxf1 26. Kxf1 Rb8 27. Kg2 Rxd1
28. Qxd1 Bxd4 29. Qxd4 b2 30. Qh4 b1=Q 31. Qxe7 Qe4+ {White resigns} 0-1

[Event "Team 45 45 League T56"]
[Site "Internet Chess Club"]
[Date "2013.03.24"]
[Round "5"]
[White "CKNIGHT3"]
[Black "kabindra"]
[Result "1-0"]
[WhiteElo "1678"]
[BlackElo "1692"]
[Opening "King's Indian: Sämisch, orthodox, 7.d5 c6"]
[ECO "E88"]
[Time "12:06:29"]
[TimeControl "2700+45"]

1. d4 Nf6 2. c4 g6 3. Nc3 Bg7 4. e4 d6 5. f3 O-O 6. Be3 e5 7. d5 c6 8. Qd2 Re8
9. O-O-O cxd5 10. cxd5 a6 11. g4 b5 12. Kb1 Nbd7 13. Rc1 Nb6 14. h4 Nc4 15. Bxc4
bxc4 16. h5 Rb8 17. Nd1 Qc7 18. b3 Bd7 19. Nb2 Bb5 20. Nxc4 Bxc4 21. Ka1 Qb7 22.
Rxc4 Nd7 23. hxg6 fxg6 24. Rc6 Qb5 25. Rxd6 Nc5 26. Bxc5 Qxc5 27. Rxa6 Qb5 28.
Ra7 Qf1+ 29. Kb2 Ra8 30. Rxg7+ Kxg7 31. Qh6+ Kf6 32. Qh4+ Kf7 33. Qxh7+ Kf8 34.
Qh8+ Ke7 35. Rh7+ Kd8 36. Qf6+ {Black resigns} 1-0

[Event "Team 45 45 League T56"]
[Site "Internet Chess Club"]
[Date "2013.03.24"]
[Round "5"]
[White "subterfuge"]
[Black "tightfist"]
[Result "1-0"]
[WhiteElo "1767"]
[BlackElo "1563"]
[Opening "Queen's Indian accelerated"]
[ECO "A50"]
[Time "21:30:31"]
[TimeControl "2700+45"]

1. d4 Nf6 2. c4 b6 3. Nc3 Bb7 4. f3 e6 5. Bg5 Bb4 6. e4 h6 7. Bh4 g5 8. Bf2 g4
9. Qd3 gxf3 10. gxf3 Nc6 11. O-O-O Bxc3 12. Qxc3 Rg8 13. d5 Nb8 14. Bh3 exd5 15.
exd5 d6 16. Re1+ Kf8 17. Ne2 Nbd7 18. Be3 h5 19. Bh6+ Ke7 20. Nf4+ Ne5 21. Rxe5+
dxe5 22. Qxe5# {Black checkmated} 1-0

[Event "Team 45 45 League T56"]
[Site "Internet Chess Club"]
[Date "2013.03.24"]
[Round "5"]
[White "Greedy-Reedy"]
[Black "minke"]
[Result "0-1"]
[WhiteElo "1952"]
[BlackElo "1890"]
[Opening "Pirc: Austrian attack, dragon formation"]
[ECO "B09"]
[Time "14:18:34"]
[TimeControl "2700+45"]

1. e4 d6 2. d4 Nf6 3. Nc3 g6 4. f4 Bg7 5. Nf3 c5 6. dxc5 Qa5 7. Qd4 Nc6 8. Bb5
O-O 9. Qa4 Qxa4 10. Bxa4 dxc5 11. e5 Nh5 12. Nd5 Bg4 13. Bxc6 bxc6 14. Nxe7+ Kh8
15. Nxc6 Bh6 16. O-O Nxf4 17. Kh1 Kg7 18. g3 Ne6 19. Bxh6+ Kxh6 20. h4 Kg7 21.
Kg2 Rfe8 22. b4 cxb4 23. Nxb4 Rac8 24. Rac1 Red8 25. Ne1 Rd2+ 26. Rf2 Bh3+ 27.
Kg1 Rd4 28. Nbd3 Bf5 29. Nf4 Re4 30. Nf3 Nxf4 31. gxf4 Rxf4 32. c3 Be6 33. a3
Bd5 34. Nh2 Rxh4 35. Rd2 Be6 36. Nf3 Ra4 37. Nd4 Rxa3 38. Nxe6+ fxe6 39. Rd7+
Kh6 40. c4 Rc5 41. Rd6 Rxe5 42. c5 Rf3 43. Kg2 Rff5 44. Rh1+ Rh5 45. Ra1 Rxc5
46. Rxa7 e5 47. Rdd7 Kg5 48. Re7 Rh4 49. Ra2 h5 50. Ra6 Rg4+ 51. Kf3 Rc3+ 52.
Ke2 e4 53. Ree6 Kf4 54. Rxg6 Rxg6 55. Rxg6 Rc2+ 56. Kd1 Ra2 57. Rh6 Kg4 58. Rg6+
Kf3 59. Rf6+ Ke3 60. Rh6 Rh2 61. Ra6 h4 62. Ra3+ Kf4 63. Ke1 h3 64. Kf1 e3 65.
Ra4+ Kg3 66. Ra8 Rg2 67. Rg8+ Kh2 68. Rh8 Rf2+ 69. Ke1 Kg2 70. Rg8+ Kh1 71. Rg3
h2 72. Rg8 Rg2 73. Rf8 Rg3 74. Ke2 Kg2 {White forfeits on time} 0-1

[Event "Team 45 45 League T56"]
[Site "Internet Chess Club"]
[Date "2013.03.28"]
[Round "5"]
[White "Tamarin"]
[Black "flyingpawns"]
[Result "1/2-1/2"]
[WhiteElo "1896"]
[BlackElo "1817"]
[Opening "QGD semi-Slav: Stoltz variation"]
[ECO "D45"]
[Time "22:01:50"]
[TimeControl "2700+45"]

1. d4 d5 2. c4 c6 3. Nf3 Nf6 4. Nc3 e6 5. e3 Nbd7 6. Qc2 Bd6 7. Bd3 O-O 8. O-O
dxc4 9. Bxc4 b5 10. Bd3 Bb7 11. e4 e5 12. dxe5 Nxe5 13. Nxe5 Bxe5 14. h3 Re8 15.
Be3 a6 16. Rfd1 Qc7 17. a4 Rad8 18. axb5 cxb5 19. f3 Rd7 20. Qb3 Red8 21. Be2
Bxc3 22. Qxc3 Qxc3 23. bxc3 Rxd1+ 24. Rxd1 Rxd1+ 25. Bxd1 Kf8 26. Kf2 Nd7 27.
Ke2 Ke7 28. Bb3 Bc6 29. Kd3 f6 30. Kd4 Kd6 31. f4 Nf8 32. e5+ fxe5+ 33. fxe5+
Kc7 34. g3 Ng6 35. Bc1 Ne7 36. g4 Bg2 37. h4 Bf3 38. Be6 Nc6+ 39. Kc5 Nd8 40.
Bg8 Bxg4 41. Bxh7 Ne6+ 42. Kd5 Nf8 43. Bg8 Bf3+ 44. Kd4 Bg4 45. Kd5 Bf3+ 46. Kd4
Bg4 47. Kd5 Bf3+ {Game drawn by repetition} 1/2-1/2

[Event "Team 45 45 League T56"]
[Site "Internet Chess Club"]
[Date "2013.03.22"]
[Round "5"]
[White "Helaman"]
[Black "az2112"]
[Result "1-0"]
[WhiteElo "1846"]
[BlackElo "1626"]
[Opening "Ruy Lopez: closed, Balla variation"]
[ECO "C90"]
[Time "17:30:05"]
[TimeControl "2700+45"]

1. e4 e5 2. Nf3 Nc6 3. Bb5 a6 4. Ba4 Nf6 5. O-O Be7 6. Re1 b5 7. Bb3 d6 8. c3
Na5 9. Bc2 c5 10. d4 Qc7 11. a4 Bb7 12. axb5 axb5 13. Na3 b4 14. Nb5 Qb8 15.
cxb4 cxb4 16. Bd2 Bc6 17. Nxd6+ Bxd6 18. dxe5 Bxe5 19. Nxe5 Qxe5 20. Bxb4 Nc4
21. Rxa8+ Bxa8 22. Ba4+ Bc6 23. Bxc6+ Nd7 24. Qxd7# {Black checkmated} 1-0

[Event "Team 45 45 League T56"]
[Site "Internet Chess Club"]
[Date "2013.03.25"]
[Round "5"]
[White "clarinetref"]
[Black "justice02"]
[Result "0-1"]
[WhiteElo "1629"]
[BlackElo "1749"]
[Opening "Caro-Kann: exchange variation"]
[ECO "B13"]
[Time "22:02:54"]
[TimeControl "2700+45"]

1. e4 c6 2. d4 d5 3. exd5 cxd5 4. Bd3 g6 5. Nf3 Bg7 6. Be3 Nf6 7. h3 O-O 8. Nc3
a6 9. Qd2 Nc6 10. a3 Re8 11. O-O-O b5 12. Ne5 Qb6 13. Nxc6 Qxc6 14. Na2 a5 15.
Qc3 Qxc3 16. Nxc3 b4 17. Nb5 bxa3 18. Nxa3 Bd7 19. Bb5 Bxb5 20. Nxb5 Reb8 21.
Na3 e6 22. f3 Nd7 23. c3 Bf8 24. Kc2 Bd6 25. Rb1 a4 26. c4 Rb3 27. Rhe1 dxc4 28.
Bd2 Bxa3 29. bxa3 Rxa3 30. Rb7 Nf6 31. Rc7 Ra2+ 32. Kd1 Ra1+ 33. Ke2 Rxe1+ 34.
Kxe1 a3 35. Rxc4 a2 36. Bc3 a1=Q+ 37. Bxa1 Rxa1+ 38. Kf2 h5 39. g4 h4 40. g5 Nd5
41. f4 Ra3 42. Kg2 Ne3+ {White resigns} 0-1